2789 views
Uploaded 2020-03-11 22:29:50
Game version 1.32.2
25:08 long 1on1 ladder game on (2)TerenasStand_LV
Saved by Trowa
2789 views
Uploaded 2020-03-11 22:29:50
Game version 1.32.2
25:08 long 1on1 ladder game on (2)TerenasStand_LV

55 units @ 7.3k
/ 1.1k
21 buildings @ 3.5k
/ 1.7k


| Orb of Venom | 1 | 325 |
| Staff of Preservation | 1 | 150 |
| Lesser Clarity Potion | 1 | 70 |
| Moonstone | 1 | 50 |
| Scroll of Healing | 1 | 250 |
| Potion of Lesser Invulnerability | 1 | 150 |
| Staff of Teleportation | 1 | 150 |
| total: | 7 | 1145g |
| Wisp | 17 | 1020 | / | 0 |
| Archer | 18 | 2340 | / | 180 |
| Dryad | 2 | 290 | / | 120 |
| Druid of the Claw | 5 | 1275 | / | 400 |
| Druid of the Talon | 9 | 1305 | / | 180 |
| Goblin Shredder | 1 | 375 | / | 100 |
| Goblin Zeppelin | 1 | 240 | / | 60 |
| Forest Troll Shadow Priest | 1 | 195 | / | 10 |
| Forest Troll Berserker | 1 | 245 | / | 30 |
| total: | 55 | 7285g | / | 1080w |
| Altar of Elders | 1 | 180 | / | 50 |
| Moon Well | 7 | 1260 | / | 280 |
| Ancient of War | 3 | 450 | / | 180 |
| Hunter's Hall | 1 | 210 | / | 100 |
| Ancient of Wonders | 2 | 180 | / | 60 |
| Tree of Life | 1 | 340 | / | 185 |
| Ancient of Lore | 4 | 620 | / | 580 |
| Ancient of Wind | 2 | 300 | / | 280 |
| Tree of Ages | 1 | 320 | / | 180 |
| Tree of Eternity | 1 | 330 | / | 200 |
| total: | 21 | 3540g | / | 1715w |
| 0:01 | Wisp |
| 0:04 | Altar of Elders |
| 0:06 | Wisp |
| 0:17 | Moon Well |
| 0:19 | Wisp |
| 0:34 | Wisp |
| 0:41 | Ancient of War |
| 0:51 | Wisp |
| 1:02 | Wisp |
| 1:13 | Wisp |
| 1:35 | Moon Well |
| 1:44 | Archer |
| 2:01 | Wisp |
| 2:01 | Wisp |
| 2:14 | Force of Nature |
| 2:45 | Forest Troll Shadow Priest |
| 2:50 | Tree of Ages |
| 2:58 | Archer |
| 3:18 | Entangling Roots |
| 3:58 | Archer |
| 4:02 | Hunter's Hall |
| 4:31 | Archer |
| 4:58 | Archer |
| 6:11 | Frost Arrows |
| 6:22 | Ancient of Lore |
| 6:23 | Ancient of Lore |
| 6:30 | Moon Well |
| 6:31 | Wisp |
| 6:31 | Wisp |
| 6:43 | Nature's Blessing |
| 6:57 | Ancient of Wonders |
| 7:03 | Force of Nature |
| 7:35 | Potion of Lesser Invulnerability |
| 7:35 | Scroll of Healing |
| 7:36 | Staff of Teleportation |
| 8:21 | Dryad |
| 8:26 | Wisp |
| 8:26 | Wisp |
| 8:26 | Wisp |
| 8:26 | Wisp |
| 8:30 | Dryad |
| 8:41 | Archer |
| 8:43 | Forest Troll Berserker |
| 8:51 | Moon Well |
| 9:13 | Wisp |
| 9:13 | Wisp |
| 9:35 | Forked Lightning |
| 9:50 | Druid of the Claw Adept Training |
| 9:51 | Druid of the Claw |
| 10:09 | Tree of Eternity |
| 11:00 | Moon Well |
| 11:03 | Moon Well |
| 12:06 | Forked Lightning |
| 12:08 | Entangling Roots |
| 12:47 | Ancient of Lore |
| 12:48 | Ancient of Lore |
| 12:59 | Ancient of Wonders |
| 13:06 | Marksmanship |
| 13:07 | Archer |
| 13:12 | Ancient of War |
| 13:51 | Goblin Shredder |
| 13:59 | Goblin Zeppelin |
| 14:20 | Archer |
| 14:22 | Druid of the Claw Master Training |
| 14:23 | Archer |
| 14:24 | Druid of the Claw |
| 14:49 | Orb of Venom |
| 14:52 | Staff of Preservation |
| 15:34 | Archer |
| 15:35 | Druid of the Claw |
| 16:17 | Ancient of War |
| 16:19 | Ancient of Wind |
| 16:34 | Lesser Clarity Potion |
| 16:35 | Moonstone |
| 16:39 | Druid of the Claw |
| 16:48 | Archer |
| 16:49 | Archer |
| 17:20 | Archer |
| 17:25 | Druid of the Talon |
| 17:40 | Druid of the Talon |
| 17:43 | Moon Well |
| 18:09 | Druid of the Talon |
| 18:31 | Druid of the Claw |
| 18:33 | Druid of the Talon |
| 18:33 | Druid of the Talon |
| 18:43 | Frost Arrows |
| 19:00 | Archer |
| 20:09 | Archer |
| 20:13 | Ancient of Wind |
| 20:56 | Archer |
| 20:58 | Tree of Life |
| 21:23 | Druid of the Talon |
| 22:00 | Druid of the Talon |
| 22:12 | Improved Bows |
| 23:13 | Force of Nature |
| 24:11 | Archer |
| 24:20 | Druid of the Talon |
| 24:35 | Archer |
| 24:48 | Druid of the Talon |
| Select group | 1845 |
| Right click | 1729 |
| Select | 869 |
| Build/train/purchase | 110 |
| Use ability | 82 |
| Assign group | 66 |
| Misc. action | 48 |
| Item give/drop | 4 |
| Esc | 4 |
43 units @ 6.2k
/ 1.3k
15 buildings @ 3k
/ 1.3k


| Orb of Venom | 1 | 325 |
| Staff of Preservation | 1 | 150 |
| Potion of Healing | 1 | 150 |
| Dust of Appearance | 1 | 75 |
| Scroll of Town Portal | 4 | 1400 |
| Scroll of Healing | 1 | 250 |
| Circlet of Nobility | 1 | 175 |
| Potion of Lesser Invulnerability | 2 | 300 |
| total: | 12 | 2825g |
| Wisp | 20 | 1200 | / | 0 |
| Archer | 1 | 130 | / | 10 |
| Dryad | 7 | 1015 | / | 420 |
| Druid of the Claw | 7 | 1785 | / | 560 |
| Mountain Giant | 2 | 700 | / | 200 |
| Forest Troll Shadow Priest | 3 | 585 | / | 30 |
| Forest Troll Berserker | 3 | 735 | / | 90 |
| total: | 43 | 6150g | / | 1310w |
| Altar of Elders | 1 | 180 | / | 50 |
| Moon Well | 6 | 1080 | / | 240 |
| Ancient of War | 1 | 150 | / | 60 |
| Hunter's Hall | 1 | 210 | / | 100 |
| Tree of Life | 3 | 1020 | / | 555 |
| Ancient of Wonders | 1 | 90 | / | 30 |
| Ancient of Lore | 2 | 310 | / | 290 |
| Tree of Ages | 1 | 320 | / | 180 |
| Tree of Eternity | 1 | 330 | / | 200 |
| total: | 15 | 3040g | / | 1325w |
| 0:01 | Wisp |
| 0:02 | Wisp |
| 0:03 | Altar of Elders |
| 0:16 | Moon Well |
| 0:23 | Ancient of War |
| 0:32 | Wisp |
| 0:32 | Wisp |
| 0:39 | Wisp |
| 0:48 | Wisp |
| 0:58 | Wisp |
| 1:03 | Wisp |
| 1:12 | Wisp |
| 1:26 | Archer |
| 1:35 | Wisp |
| 1:40 | Moon Well |
| 1:42 | Wisp |
| 2:15 | Mana Burn |
| 2:47 | Forest Troll Shadow Priest |
| 2:56 | Wisp |
| 2:57 | Moon Well |
| 2:59 | Tree of Ages |
| 3:40 | Forest Troll Berserker |
| 3:40 | Forest Troll Berserker |
| 4:00 | Forest Troll Berserker |
| 4:13 | Moon Well |
| 4:20 | Evasion |
| 4:27 | Hunter's Hall |
| 5:10 | Mana Burn |
| 5:10 | Mana Burn |
| 5:33 | Dust of Appearance |
| 5:34 | Circlet of Nobility |
| 5:56 | Ancient of Lore |
| 5:58 | Ancient of Lore |
| 6:07 | Forest Troll Shadow Priest |
| 6:26 | Wisp |
| 6:26 | Wisp |
| 6:26 | Wisp |
| 6:49 | Forest Troll Shadow Priest |
| 7:11 | Frost Arrows |
| 7:18 | Wisp |
| 7:18 | Wisp |
| 7:20 | Moon Well |
| 7:21 | Dryad |
| 8:32 | Dryad |
| 8:33 | Abolish Magic |
| 8:47 | Dryad |
| 9:41 | Tree of Eternity |
| 10:03 | Tree of Life |
| 10:11 | Scroll of Town Portal |
| 10:12 | Potion of Lesser Invulnerability |
| 10:33 | Druid of the Claw Adept Training |
| 10:38 | Druid of the Claw |
| 11:21 | Evasion |
| 11:25 | Druid of the Claw |
| 11:27 | Moon Well |
| 11:43 | Druid of the Claw |
| 12:04 | Druid of the Claw Master Training |
| 12:48 | Tree of Life |
| 13:30 | Scroll of Town Portal |
| 13:49 | Mark of the Claw |
| 13:51 | Strength of the Wild |
| 14:03 | Forked Lightning |
| 14:04 | Forked Lightning |
| 16:10 | Wisp |
| 16:11 | Wisp |
| 16:11 | Wisp |
| 16:12 | Druid of the Claw |
| 16:12 | Druid of the Claw |
| 16:36 | Ancient of Wonders |
| 16:41 | Dryad |
| 17:36 | Scroll of Town Portal |
| 17:36 | Scroll of Healing |
| 17:45 | Potion of Lesser Invulnerability |
| 19:11 | Druid of the Claw |
| 19:12 | Hardened Skin |
| 19:13 | Mountain Giant |
| 19:38 | Frost Arrows |
| 19:38 | Frost Arrows |
| 19:43 | Tree of Life |
| 19:51 | Mana Burn |
| 20:09 | Dryad |
| 20:42 | Dryad |
| 20:45 | Orb of Venom |
| 20:51 | Staff of Preservation |
| 21:09 | Scroll of Town Portal |
| 22:15 | Mountain Giant |
| 23:21 | Forked Lightning |
| 23:43 | Druid of the Claw |
| 23:54 | Dryad |
| 24:10 | Potion of Healing |
| Right click | 2649 |
| Select group | 1805 |
| Select | 612 |
| Build/train/purchase | 135 |
| Use ability | 84 |
| Assign group | 58 |
| Item give/drop | 9 |
| Misc. action | 7 |
| Remove unit | 4 |
| Esc | 2 |